 Dungeon Sprint DCSS version 0.26-a0-757-g626ac9e51a (webtiles) character file.

Game seed: 5032805219284562866

18 sahdkjhfkaj the Digger (level 2, -22/13 HPs)
             Began as a Vine Stalker Earth Elementalist on Nov 7, 2020.
             Was an Initiate of Gozag.
             Killed from afar by a deep elf mage (35 damage)
             ... with a bolt of lightning
             ... in the Dungeon (Sprint VII: "The Pits").
             The game lasted 00:01:17 (212 turns).

sahdkjhfkaj the Digger (VSEE)                        Turns: 212, Time: 00:01:18

Health: -22/13     AC:  2    Str: 10    XL:     2   Next: 66%
Magic:  0/7        EV: 12    Int: 15    God:    Gozag
Gold:   252        SH:  0    Dex: 14    Spells: 5/8 levels left

rFire    . . .     SeeInvis .   a - +2 falchion
rCold    . . .     Faith    .   (no shield)
rNeg     . . .     Spirit   +   c - +0 robe
rPois    .         Reflect  .   (no helmet)
rElec    .         Harm     .   (no cloak)
rCorr    .         Rampage  .   (no gloves)
MR       .....     NoTele   +   (no boots)
Stlth    ++........             (no amulet)
HPRegen  0.04/turn              (no ring)
MPRegen  0.10/turn              (no ring)

@: no status effects
A: fangs 2, magic shield, antimagic bite, no potion heal 3, rot immunity
a: Potion Petition, Call Merchant, Bribe Branch, Renounce Religion


You were in the Dungeon.
You worshipped Gozag.
Gozag was aware of your devotion.
You visited 1 branch You collected 252 gold pieces.

Inventory:

Hand Weapons
 a - a +2 falchion (weapon)
Missiles
 b - 29 stones (quivered)
Armour
 c - a +0 robe (worn)
Scrolls
 h - a scroll of blinking {!r}
 j - 3 scrolls of remove curse {!r}
 k - 5 scrolls of amnesia {!r}
 l - a scroll of summoning {!r}
Potions
 d - a potion of curing {!q}
 e - a potion of haste {!q}
 f - 4 potions of magic {!q}
 g - 3 potions of berserk rage {!q}
 i - 2 potions of invisibility {!q}


   Skills:
 - Level 1.5 Dodging
 - Level 2.4 Stealth
 + Level 3.9 Spellcasting
 - Level 1.0 Transmutations
 - Level 5.0 Earth Magic


You had 5 spell levels left.
You knew the following spells:

 Your Spells              Type           Power        Failure   Level
a - Sandblast             Erth           ###...       2%          1
c - Passwall              Tmut/Erth      ##......     9%          2

Your spell library contained the following spells:

 Spells                   Type           Power        Failure   Level
 Stone Arrow              Conj/Erth      ##....       21%         3
 Petrify                  Tmut/Erth      ##......     47%         4
 Lee's Rapid Deconstruct  Erth           ###.......   54%         5


Dungeon Overview and Level Annotations

Branches:
Dungeon (1/1)

Altars:
Ashenzari
Cheibriados
Dithmenos
Elyvilon
Fedhas
Gozag
Hepliaklqana
Kikubaaqudgha
Makhleb
Nemelex Xobeh
Okawaru
Qazlal
Ru
Sif Muna
Trog
Uskayaw
Vehumet
Wu Jian
Xom
Yredelemnul
Zin
The Shining One
Beogh
Jiyva
Lugonu


Innate Abilities, Weirdness & Mutations

You have extremely sharp teeth.
When hurt, damage is shared between your health and your magic reserves.
Your bite disrupts and absorbs the magic of your enemies.
Potions cannot restore your health.
You are immune to rotting.


Message History

You can't see any susceptible monsters within range! (Use Z to cast anyway.) Unknown command.
An adder and a deep elf mage come into view.
The deep elf mage is wielding a +0 rapier of holy wrath.
The deep elf mage gestures wildly while chanting.
The deep elf mage blinks!
There is an open door here.
Casting: Sandblast (safe; 2% risk of failure)
Confirm with . or Enter, or press ? or * to list all spells.
Aiming: Sandblast (safe; 2% risk of failure)
Press: ? - help, Shift-Dir - straight line, f - deep elf mage
Aim: a deep elf mage, wielding a +0 rapier of holy wrath The blast of sand misses the deep elf mage.
b - 29 stones The adder hisses angrily.
The deep elf mage gestures at you while chanting.
The bolt of lightning hits you!!!
Ouch! That really hurt!
You die...
Your body crumbles into a pile of gold.

#_______...##########
##########'##........
#.?..')))'.##......#.
##########.##........
#...........'........
#+#####'#####......#.
#...#.# #........
#...#.# ####'####
#.@.).# #.......#
##'#### #.......#
#$Se..# #.......#
#...S.# #...<...#
#....... #.......#
#........##.......#
###########.......#
#########


You could see a deep elf mage and 2 adders.

Vanquished Creatures
  An ufetubus (D)
  An ooze (D)
  An adder zombie (D)
  A bat skeleton (D)
  A goblin (D)
  A hobgoblin (D)
6 creatures vanquished.

Notes
Turn   | Place    | Note
-------+----------+-------------------------------------------
     0 | D        | sahdkjhfkaj the Vine Stalker Earth Elementalist began the
                  | quest for the Orb.
     0 | D        | Reached XP level 1. HP: 9/9 MP: 4/4
    31 | D        | Found a bloodstained altar of Trog.
    31 | D        | Found a shimmering blue altar of Sif Muna.
    31 | D        | Found a viscous altar of Jiyva.
    31 | D        | Found a hazy altar of Hepliaklqana.
    31 | D        | Found an opulent altar of Gozag.
    32 | D        | Found a glowing golden altar of the Shining One.
    32 | D        | Found a glowing silver altar of Zin.
    32 | D        | Found a basalt altar of Yredelemnul.
    32 | D        | Found a shimmering altar of Xom.
    32 | D        | Found an ornate altar of the Wu Jian Council.
    32 | D        | Found a sacrificial altar of Ru.
    32 | D        | Found a stormy altar of Qazlal.
    32 | D        | Found an iron altar of Okawaru.
    32 | D        | Found a sparkling altar of Nemelex Xobeh.
    32 | D        | Found a burning altar of Makhleb.
    32 | D        | Found a blossoming altar of Fedhas.
    32 | D        | Found a white marble altar of Elyvilon.
    32 | D        | Found a shadowy altar of Dithmenos.
    32 | D        | Found a snail-covered altar of Cheibriados.
    33 | D        | Found a radiant altar of Vehumet.
    33 | D        | Found a corrupted altar of Lugonu.
    33 | D        | Found a roughly hewn altar of Beogh.
    34 | D        | Found an ancient bone altar of Kikubaaqudgha.
    34 | D        | Found a hide-covered altar of Uskayaw.
    34 | D        | Found a broken altar of Ashenzari.
    36 | D        | Became a worshipper of Gozag Ym Sagoz the Greedy
    69 | D        | Reached skill level 4 in Earth Magic
    70 | D        | Reached skill level 5 in Earth Magic
    70 | D        | Reached XP level 2. HP: 13/13 MP: 1/6
    74 | D        | Learned a level 2 spell: Passwall
   210 | D        | Noticed a deep elf mage
   212 | D        | Killed from afar by a deep elf mage

Illustrated notes

Levels and vault maps discovered:
D:        pitsprint [storerooms_1, entrance_room_1, metal_vault_1, armoury_2,
          mini_pit_1, grid_room_1, main_hall_1, silver_pit, the_coven_1,
          the_vestibule_1, steel_vault_1, golden_pit, hallway_of_sentries,
          crystal_vault_2, iron_vault_2, final_vault]

Skill      XL: |  1  2 |
---------------+-------+-----
Earth Magic    | 5 |  5.0
Spellcasting   | 3 |  3.9
Dodging        | |  1.5
Stealth        | |  2.4
Transmutations | |  1.0

Action                   || total
-------------------------++-------
 Cast: Sandblast         ||    11
Armor: Robe              ||     1
Dodge: Dodged            ||     3
       Rpst.: Falchion   ||     1

Table legend: (Time is in decaauts)
 A = Elapsed time spent in this place.
 B = Non-inter-level travel time spent in this place.
 C = Inter-level travel time spent in this place.
 D = Time resting spent in this place.
 E = Time spent auto-exploring this place.
 F = Levels seen in this place.
 G = Mean time per level.
                   A        B        C        D        E       F      G
               +--------+--------+--------+--------+--------+-----+--------+
         Total |    211 |    211 |      0 |    128 |      0 |   1 |  211.0 |
       Dungeon |    211 |    211 |      0 |    128 |      0 |   1 |  211.0 |
               +--------+--------+--------+--------+--------+-----+--------+

Top non-repeatable levels by time:
       D: 211 daAuts
